 Dungeon Crawl Stone Soup version 0.25-a0-10-g2fe12d4386 (webtiles) character file.

Game seed: 12713483051006105184, levelgen mode: deterministic

86267 MrRokkomies the Bludgeoner (level 15, -6/237 HPs)
             Began as an Ogre Hunter on Oct 15, 2019.
             Was the Champion of Trog.
             Mangled by a naga warrior
             ... wielding a +3 mace
              (19 damage)
             ... on level 2 of the Snake Pit.
             The game lasted 00:56:04 (29059 turns).

MrRokkomies the Bludgeoner (Ogre Hunter)           Turns: 29059, Time: 00:56:05

Health: -6/237     AC: 18    Str: 25    XL:     15   Next: 86%
Magic:  3/7        EV:  5    Int: 13    God:    Trog [******]
Gold:   269        SH: 17    Dex: 17    Spells: 14/14 levels left

rFire    . . .     SeeInvis +   b - +2 morningstar (antimagic)
rCold    . . .     Gourm    .   n - +0 shield
rNeg     + . .     Faith    .   C - +6 pearl dragon scales
rPois    +         Spirit   .   t - +1 hat
rElec    +         Reflect  +   k - scarf {cloud immunity}
rCorr    .         Harm     .   (gloves unavailable)
MR       +++..                  (boots unavailable)
Stlth    ..........             j - +3 amulet of reflection
HPRegen  1.49/turn              R - ring "Xoqit" {rElec Dex+4 SInv}
MPRegen  0.10/turn              E - ring of poison resistance

@: mighty, berserking, regenerating, hasted, constricted, very quick
A: large, unfitting armour, tough skin 1
a: Berserk, Trog's Hand, Brothers in Arms, Renounce Religion


You were on level 2 of the Snake Pit.
You worshipped Trog.
Trog was exalted by your worship.
You were not hungry.

You visited 4 branches of the dungeon, and saw 25 of its levels.

You collected 2368 gold pieces.
You spent 2099 gold pieces at shops.

Inventory:

Hand Weapons
 a - a +1 morningstar of venom
 b - a +2 antimagic morningstar (weapon)
Missiles
 c - 22 large rocks
 d - 4 throwing nets
 s - 25 boomerangs (quivered)
 v - 100 poisoned darts
 I - 3 curare-tipped darts
 L - 13 silver javelins
 P - 12 javelins
Armour
 k - a scarf of cloud immunity (worn)
 n - a +0 shield (worn)
 t - a +1 hat (worn)
 C - +6 pearl dragon scales (worn)
Jewellery
 h - an uncursed ring of protection from fire
 j - a +3 amulet of reflection (around neck)
 E - a ring of poison resistance (right hand)
 N - an uncursed ring of ice
 R - the ring "Xoqit" (left hand) {rElec Dex+4 SInv}
   (You bought it in a shop on level 13 of the Dungeon)

   [ring of see invisible]

   It affects your dexterity (+4).
   It insulates you from electricity.
   It lets you see invisible.
 W - an uncursed ring of protection from cold
Wands
 e - a wand of iceblast (16)
 w - a wand of enslavement (18)
 K - a wand of paralysis (20)
 M - a wand of acid (25)
 S - a wand of disintegration (7)
 U - a wand of polymorph (8)
Scrolls
 l - a scroll of fear
 m - 10 scrolls of remove curse
 o - 5 scrolls of teleportation
 q - a scroll of immolation
 y - 3 scrolls of magic mapping
 B - a scroll of vulnerability
 F - 4 scrolls of enchant weapon
 Q - 3 scrolls of fog
 X - 3 scrolls of blinking
Potions
 i - 4 potions of flight
 p - 6 potions of curing
 r - 6 potions of cancellation
 x - 4 potions of berserk rage
 A - 3 potions of invisibility
 G - 2 potions of haste
 H - 5 potions of magic
 J - a potion of resistance
 O - a potion of might
 Y - a potion of agility
Miscellaneous
 g - a lamp of fire (inert)
 u - a lightning rod (1/4)
 z - a phantom mirror
Comestibles
 f - 32 rations


   Skills:
 - Level 12.6 Fighting
 - Level 16.0 Maces & Flails
 * Level 8.0 Throwing
 * Level 2.1 Armour
 - Level 1.7 Dodging
 - Level 0.6 Stealth
 - Level 13.8 Shields
 - Level 10.0 Evocations


You had 14 spell levels left.
You didn't know any spells.
Your spell library was empty.

Dungeon Overview and Level Annotations

Branches:
Dungeon (15/15)            Temple (0/1) D:5            Lair (6/6) D:9
 Shoals (0/4) Lair:4        Snake (2/4) Lair:3        Slime (0/5) Lair:5
    Orc (2/2) D:11            Elf (0/3) Orc:2        Vaults (0/5) D:13
 Depths (0/5) D:15

Altars:
Dithmenos
Okawaru
Trog
Uskayaw
Xom
Yredelemnul
Zin
The Shining One
Beogh

Shops:
D:5 [   D:8 }   D:13 =(:[   Orc:1 *   Orc:2 (([[   Snake:2 [

Annotations:
D:15 1 runed translucent door, Epselah's ghost, adept MiBe
Lair:3 2 transporters, Linguinho's ghost, journeyman GrFi


Innate Abilities, Weirdness & Mutations

You are too large for most types of armour.
You have tough skin. (AC +1)


Message History

The naga sharpshooter gestures wildly while chanting.
The naga sharpshooter magically shoots an arrow.
You reflect the arrow off an invisible shield around you!
The naga mage hits you but does no damage.
A red film seems to cover your vision as you go berserk!
You feel yourself moving faster!
You feel mighty!
You feel a lot more hungry. You block the naga mage's attack.
The naga warrior spits poison at you.
The splash of poison hits you but does no damage.
You resist.
* * * LOW HITPOINT WARNING * * *
The naga warrior constricts you.
You thump the naga warrior!
The naga warrior is severely wounded.
The naga mage hits you from afar with a +0 spear!
* * * LOW HITPOINT WARNING * * *
You barely miss the naga warrior.
The naga warrior is severely wounded.
The naga warrior hits you with a +3 mace!!
You die...

##..##.......##
##..##.......##
##......#\...##
##.......##..##
+ #.......##..##
.8#.
##......##..##
.N.#....<.##..#
#####..#.=###..#
#....##.N##@†##
##...##.##NN###
##...#...#)N##
#...#.....N##
...#....)(.#
.......N.###
.......###
......# .....#


You could see a naga warrior, a naga sharpshooter, 2 naga magi and a naga.

Vanquished Creatures
  Rupert (Orc:2)
  An orc warlord (Orc:2)
  Azrael (D:15)
  Snorg (D:13)
  Josephine (Orc:1)
  An ogre mage (D:15)
  A naga warrior (Snake:2)
  Harold (D:8)
  5 hydras
  A merfolk avatar (Lair:6)
  8 two-headed ogres
  2 centaur warriors
  2 death knights
  A catoblepas (Lair:4)
  2 tengu warriors (D:13)
  2 shock serpents
  Sonja (D:11)
  Nergalle (D:11)
  An unseen horror (D:14)
  A sea snake (Lair:6)
  2 wizards (D:15)
  2 necromancers (D:13)
  3 orc knights
  A harpy (Lair:6)
  2 manticores
  2 orc sorcerers
  2 mana vipers (Snake:2)
  3 deep elf magi (D:15)
  7 ugly things
  3 cyclopes
  2 salamanders (Snake:2)
  5 black mambas
  9 elephants
  2 gargoyles
  11 spiny frogs
  9 komodo dragons
  A kobold demonologist (D:14)
  An efreet (D:13)
  2 freezing wraiths
  5 rime drakes
  2 tengu conjurers (D:14)
  2 polar bears (Lair:6)
  9 trolls
  4 hornets (Lair:6)
  12 hippogriffs
  13 blink frogs
  8 slime creatures
  6 wraiths
  A shadow (D:13)
  4 wyverns
  42 yaks
  4 humans
  6 basilisks
  3 fire elementals (D:15)
  3 hogs (D:9)
  4 vampire mosquitoes (D:15)
  A hungry ghost (D:9)
  4 steam dragons
  3 nagas
  4 wargs
  3 acid dragons
  Duvessa (D:4)
  2 soldier ants
  8 water moccasins
  A hell hound (D:15)
  3 ice beasts
  10 porcupines
  18 orc warriors
  4 black bears
  7 sky beasts
  2 phantoms
  12 ogres
  4 wolves (Lair:2)
  17 centaurs
  7 big kobolds
  11 crocodiles
  A wyvern zombie (D:14)
  2 gnoll sergeants
  13 bullfrogs
  A wyvern skeleton (D:14)
  Dowan (D:4)
  3 scorpions
  4 killer bees
  13 wights
  A howler monkey (D:6)
  3 electric eels (Lair:5)
  2 crimson imps
  2 bullfrog zombies
  2 centaur zombies
  24 orc priests
  21 orc wizards
  2 centaur skeletons
  5 hounds
  5 jellies
  A bullfrog skeleton (D:4)
  Ijyb (D:2)
  5 iguanas
  16 worker ants
  A killer bee zombie (D:7)
  A hound zombie (D:9)
  A hound skeleton (D:4)
  2 worker ant zombies
  21 gnolls
  13 adders
  5 shadow imps
  An ooze (D:3)
  2 adder zombies
  A worm (D:4)
  2 leopard geckos
  94 orcs
  A giant cockroach (D:1)
  15 goblins
  10 hobgoblins
  10 jackals
  36 kobolds
  5 quokkas
  2 ball pythons
  5 bats
  4 frilled lizards
  A jackal zombie (D:5)
  A leopard gecko skeleton (D:5)
  A quokka zombie (D:6)
  6 rats
  A fungus (D:9)
724 creatures vanquished.

Vanquished Creatures (collateral kills)
  An orc knight (Orc:2)
  3 orc warriors (Orc:2)
  An orc priest (Orc:2)
  2 orc wizards (Orc:2)
  7 orcs (Orc:2)
14 creatures vanquished.

Vanquished Creatures (others)
  A manticore (Lair:4)
  A naga mage (Snake:2)
  2 yaks (Lair:5)
  3 centaurs
  A jelly (D:8)
  2 kobolds
  2 bushes (Lair:6)
  19 fungi
  21 plants
52 creatures vanquished.

Grand Total: 790 creatures vanquished

Notes
Turn   | Place    | Note
-------+----------+-------------------------------------------
     0 | D:1      | MrRokkomies the Ogre Hunter began the quest for the Orb.
     0 | D:1      | Reached XP level 1. HP: 22/22 MP: 1/1
   126 | D:1      | Reached XP level 2. HP: 22/31 MP: 2/2
   413 | D:1      | Reached XP level 3. HP: 35/39 MP: 3/3
   583 | D:1      | Found a glowing golden altar of the Shining One.
  1596 | D:2      | Found a faded altar of an unknown god.
  1605 | D:2      | Became a worshipper of Trog the Wrathful
  1605 | D:2      | Reached * piety under Trog
  1622 | D:2      | Noticed Ijyb
  1688 | D:2      | Killed Ijyb
  1688 | D:2      | Reached XP level 4. HP: 11/49 MP: 4/4
  1701 | D:2      | Reached skill level 5 in Throwing
  2219 | D:3      | Reached skill level 5 in Fighting
  2219 | D:3      | Reached XP level 5. HP: 43/57 MP: 5/5
  2309 | D:3      | Reached ** piety under Trog
  2351 | D:3      | Reached skill level 1 in Maces & Flails
  2362 | D:3      | Found a shadowy altar of Dithmenos.
  2858 | D:3      | Reached skill level 2 in Maces & Flails
  2858 | D:3      | Reached XP level 6. HP: 50/67 MP: 6/6
  3650 | D:4      | Noticed Dowan
  3653 | D:4      | Noticed Duvessa
  3664 | D:4      | Killed Dowan
  3664 | D:4      | Reached skill level 3 in Maces & Flails
  3670 | D:4      | Killed Duvessa
  3670 | D:4      | Reached XP level 7. HP: 32/78 MP: 7/7
  3678 | D:4      | Got a polished great sword
  3687 | D:4      | Identified the cursed +0 great sword "Naaxzeod" {venom,
                  | rElec} (You found it on level 4 of the Dungeon)
  3849 | D:4      | HP: 2/79 [gnoll (6)]
  3857 | D:4      | Reached skill level 4 in Maces & Flails
  4415 | D:4      | Found a shimmering altar of Xom.
  4501 | D:5      | Entered Level 5 of the Dungeon
  4517 | D:5      | Found a staircase to the Ecumenical Temple.
  4749 | D:5      | Reached XP level 8. HP: 58/89 MP: 8/8
  5330 | D:5      | Found Vofar's Antique Armour Shoppe.
  5335 | D:5      | Bought an embroidered robe for 74 gold pieces
  5483 | D:5      | Found a glowing golden altar of the Shining One.
  5718 | D:6      | Found a hide-covered altar of Uskayaw.
  6011 | D:6      | Reached skill level 5 in Maces & Flails
  6022 | D:6      | Reached *** piety under Trog
  6348 | D:6      | Found a glowing silver altar of Zin.
  6348 | D:6      | Found an iron altar of Okawaru.
  6914 | D:7      | Noticed a hippogriff
  6920 | D:7      | Reached skill level 10 in Fighting
  6921 | D:7      | Killed a hippogriff
  6921 | D:7      | Reached skill level 6 in Maces & Flails
  7013 | D:6      | Reached XP level 9. HP: 58/102 MP: 9/9
  7356 | D:7      | Reached skill level 7 in Maces & Flails
  7587 | D:7      | Reached **** piety under Trog
  7617 | D:7      | Reached skill level 8 in Maces & Flails
  8384 | D:8      | Reached XP level 10. HP: 94/118 MP: 10/10
  8640 | D:8      | Noticed Harold
  8653 | D:8      | Killed Harold
  8658 | D:8      | Received a gift from Trog
  8664 | D:8      | Reached skill level 9 in Maces & Flails
  8938 | D:8      | Found Xuunuf's Gadget Boutique.
  9580 | D:9      | Found a staircase to the Lair.
  9596 | D:9      | Noticed a two-headed ogre
  9605 | D:9      | Killed a two-headed ogre
  9913 | D:9      | Reached skill level 10 in Maces & Flails
  9913 | D:9      | Reached skill level 5 in Shields
 10217 | D:9      | Found a basalt altar of Yredelemnul.
 10382 | D:9      | Reached XP level 11. HP: 111/124 MP: 11/11
 10604 | D:9      | Reached ***** piety under Trog
 10697 | Lair:1   | Entered Level 1 of the Lair of Beasts
 10725 | Lair:1   | Noticed an eight-headed hydra
 10738 | Lair:1   | Killed an eight-headed hydra
 11223 | Lair:1   | Reached skill level 11 in Maces & Flails
 11445 | Lair:1   | HP: 4/124 [komodo dragon (12)]
 12057 | Lair:2   | Noticed a six-headed hydra
 12062 | Lair:2   | Killed a six-headed hydra
 12093 | Lair:2   | Received a gift from Trog
 12096 | Lair:2   | Got a crude flail {god gift}
 12097 | Lair:2   | Identified the +0 flail of Greed {flame, rC+ MR+} (Trog
                  | gifted it to you on level 2 of the Lair of Beasts)
 12228 | Lair:2   | Reached XP level 12. HP: 38/133 MP: 12/12
 12595 | Lair:2   | Reached skill level 12 in Maces & Flails
 13515 | Lair:3   | Found a transporter.
 13519 | Lair:3   | Found a transporter.
 13520 | Lair:3   | Noticed Linguinho's ghost (journeyman GrFi)
 13592 | Lair:3   | Identified the +7 trident "Koxuoral" {antimagic, MR+
                  | Stlth+}
 13592 | Lair:3   | Noticed a spriggan rider
 13921 | Lair:3   | Identified the +11 trident of Jeasihop {antimagic, Str+3
                  | Int-3}
 13921 | Lair:3   | Noticed a spriggan rider
 13951 | Lair:3   | Found a bloodstained altar of Trog.
 14000 | Lair:3   | Found a staircase to the Snake Pit.
 14247 | Lair:4   | Reached skill level 1 in Evocations
 14518 | Lair:4   | Reached skill level 13 in Maces & Flails
 14954 | Lair:4   | Noticed a catoblepas
 14986 | Lair:4   | Killed a catoblepas
 15367 | Lair:4   | Found a staircase to the Shoals.
 16162 | Lair:5   | Noticed a four-headed hydra
 16170 | Lair:5   | Killed a four-headed hydra
 16170 | Lair:5   | Reached XP level 13. HP: 127/141 MP: 16/16
 16332 | Lair:5   | Found a staircase to the Slime Pits.
 16914 | Lair:6   | Entered Level 6 of the Lair of Beasts
 16922 | Lair:6   | Reached skill level 5 in Evocations
 17220 | Lair:6   | Received a gift from Trog
 17391 | Lair:6   | Reached skill level 14 in Maces & Flails
 18212 | Lair:6   | Received a gift from Trog
 18573 | Lair:6   | Paralysed by a hornet for 3 turns
 18950 | Lair:6   | Got an iridescent mace
 18951 | Lair:6   | Identified the +7 mace of Imavoh {crush, rF+ MR+ Int+4
                  | Dex-2} (You found it on level 6 of the Lair of Beasts)
 19180 | D:10     | Entered Level 10 of the Dungeon
 19615 | D:10     | Reached XP level 14. HP: 150/150 MP: 19/19
 19939 | D:11     | Reached skill level 15 in Maces & Flails
 20150 | D:11     | Noticed Nergalle
 20159 | D:11     | Killed Nergalle
 20175 | D:11     | Noticed Sonja
 20186 | D:11     | Killed Sonja
 20186 | D:11     | Received a gift from Trog
 20840 | D:11     | Found a staircase to the Orcish Mines.
 20852 | Orc:1    | Entered Level 1 of the Orcish Mines
 20852 | Orc:1    | Found Arethir's Assorted Antiques.
 20966 | Orc:2    | Entered Level 2 of the Orcish Mines
 21878 | Orc:2    | Found a staircase to the Elven Halls.
 21941 | Orc:2    | Found a roughly hewn altar of Beogh.
 21963 | Orc:2    | Found Cumen's Antique Armour Boutique.
 21969 | Orc:2    | Bought a runed hat for 182 gold pieces
 22073 | Orc:2    | Found a roughly hewn altar of Beogh.
 22231 | Orc:2    | Found a roughly hewn altar of Beogh.
 22232 | Orc:2    | Noticed Rupert
 22239 | Orc:2    | Paralysed by Rupert for 2 turns
 22245 | Orc:2    | Received a gift from Trog
 22253 | Orc:2    | Killed Rupert
 22571 | Orc:2    | Noticed an orc warlord
 22576 | Orc:2    | Received a gift from Trog
 22588 | Orc:2    | Killed an orc warlord
 22636 | Orc:2    | Received a gift from Trog
 22637 | Orc:2    | Found a roughly hewn altar of Beogh.
 22637 | Orc:2    | Found Omyohuwn's Antique Armour Shoppe.
 22638 | Orc:2    | Found Viwy's Antique Weapon Emporium.
 22882 | Orc:2    | Found a roughly hewn altar of Beogh.
 22987 | Orc:2    | Found a roughly hewn altar of Beogh.
 23008 | Orc:2    | Found Eduran's Weapon Shop.
 23071 | Orc:1    | Noticed Josephine
 23086 | Orc:1    | Killed Josephine
 23440 | D:8      | Bought a lamp of fire for 520 gold pieces
 23440 | D:8      | Bought a lightning rod (4/4) for 520 gold pieces
 23863 | D:12     | Reached skill level 10 in Evocations
 24151 | D:12     | Reached skill level 16 in Maces & Flails
 24422 | D:13     | Found Sinija's Armour Shop.
 24534 | D:13     | Noticed Snorg
 24559 | D:13     | Killed Snorg
 24559 | D:13     | Reached skill level 10 in Shields
 24567 | D:13     | Reached XP level 15. HP: 18/158 MP: 22/22
 25038 | D:13     | Found Jymaoxzu's Jewellery Shoppe.
 25075 | D:13     | Reached ****** piety under Trog
 25383 | D:13     | Bought an uncursed ring of poison resistance for 280 gold
                  | pieces
 25383 | D:13     | Bought the ring "Xoqit" {rElec Dex+4 SInv} for 523 gold
                  | pieces
 25388 | D:13     | Found the +0 pair of fencer's gloves {Riposte Dex+3}
 25404 | D:13     | Found Recvaxal's Antique Weapon Shoppe.
 25478 | D:13     | Found Hohaerph's Book Shop.
 25683 | D:13     | Received a gift from Trog
 25696 | D:13     | Found a gate to the Vaults.
 26537 | D:15     | Entered Level 15 of the Dungeon
 26700 | D:15     | Noticed Azrael
 26744 | D:15     | Killed Azrael
 27666 | D:15     | Received a gift from Trog
 27919 | D:15     | Found a staircase to the Depths.
 28246 | D:15     | Found a runed translucent door.
 28248 | D:15     | Noticed Epselah's ghost (adept MiBe)
 28603 | Snake:1  | Entered Level 1 of the Snake Pit
 28982 | Snake:2  | Found Jeakiwipt's Antique Armour Boutique.
 29017 | Snake:2  | Reached skill level 1 in Armour
 29059 | Snake:2  | Mangled by a naga warrior

Levels and vault maps discovered:
D:1:      sevenhm_arrival_forest_fort_large_2, layout_loops_ring,
          serial_bayou_pond_e, tso_metal_star
D:2:      kennysheep_the_goblin_king, layout_loops_ring,
          chequers_ecumenical_altar_simple_redux, first_ration
D:3:      minmay_spotlight, layout_basic,
          nicolae_dithmenos_through_a_glass_darkly
D:4:      layout_basic, lemuel_coloured_pillars_altar, uniq_duvessa
D:5:      layout_loops_ring, minmay_temple_entry_sparse_star, serial_shops,
          kennysheep_little_box, basic_altar
D:6:      layout_loops_corners, eat_drink_and_be_merry_uskayaw,
          gammafunk_temple_overflow_elements, kennysheep_generic_room_6
D:7:      layout_rooms, minmay_ruffians
D:8:      layout_basic, serial_shops, shop, uniq_harold
D:9:      minmay_angry_zag, layout_loops_ring, yredelemnul_altar_generic,
          dpeg_oklobed_lair, grunt_livestock
D:10:     layout_roguey
D:11:     layout_basic, orc_0_dummy, uniq_nergalle, uniq_sonja
D:12:     layout_small_grid
D:13:     layout_rooms, david_vaults_1, serial_shops, kennysheep_mini,
          nicolae_shop_stone, shop, nicolae_shop_statue_plus, uniq_snorg
D:14:     layout_cross, minmay_misc_feat_tower, nicolae_wwwww
D:15:     grunt_enter_depths_magical_seal, layout_long_grid,
          ebering_ghost_inner_flame, minmay_misc_feat_secret_circle,
          hangedman_decor_push, uniq_azrael
Lair:1:   layout_chaotic_city, lemuel_fruit_tree, grunt_megastairs_2
Lair:2:   layout_chaotic_city, infiniplex_staircase_pool_2
Lair:3:   layout_chaotic_city, dummy_snake_entry,
          gammafunk_ghost_wrathful_warriors, lemuel_fruit_fields,
          lemuel_fruit_fields
Lair:4:   layout_roguey, minmay_shoals_entry_beasts, serial_bayou_shore_b,
          serial_bayou_shore_b
Lair:5:   layout_roguey, minmay_slime_entry_oklob_enclosed, disabler_island,
          grunt_megastairs_3
Lair:6:   gammafunk_lair_ancient_temple, layout_loops_ring
Snake:1:  layout_misc_corridors, special_room
Snake:2:  layout_onion_interference, serial_shops, shop, serial_bayou_shore_b,
          grunt_megastairs_5
Orc:1:    layout_diamond_mine, serial_shops, shop, uniq_josephine
Orc:2:    grunt_orc_community_town_hall, layout_diamond_mine,
          grunt_orc_community_big_house_2, grunt_orc_community_big_house_2,
          grunt_orc_community_house_2, grunt_orc_community_house_3,
          grunt_orc_community_house_2, grunt_orc_community_house_1, uniq_rupert

Skill      XL: |  1  2  3  4  5  6  7  8  9 10 11 12 13 14 15 |
---------------+----------------------------------------------+-----
Fighting       | 3 4 5 7 8 10 12 | 12.6
Throwing       | 5 8 |  8.0
Maces & Flails | 2 3 4 6 8 10 11 13 14 16 | 16.0
Shields        | 5 8 9 10 13 | 13.8
Evocations     | 4 7 10 | 10.0
Armour         | 2 |  2.1
Dodging        | |  1.7
Stealth        | |  0.6

Action                   |  1- 3 |  4- 6 |  7- 9 | 10-12 | 13-15 || total
-------------------------+-------+-------+-------+-------+-------++-------
Melee: Short sword       |   203 |    67 |       |       |       ||   270
       Morningstar       |       |   127 |   297 |   629 |  1663 ||  2716
Throw: Stone             |    11 |     2 |       |       |       ||    13
       Large rock        |     5 |       |     3 |     6 |    13 ||    27
       Boomerang         |       |       |    20 |    32 |    96 ||   148
       Throwing net      |       |       |       |       |     2 ||     2
Invok: Berserk           |       |     1 |     1 |     2 |     2 ||     6
       Brothers in Arms  |       |       |       |       |     2 ||     2
       Trog's Hand       |       |       |       |       |     2 ||     2
Evoke: Lightning rod     |       |       |       |       |     4 ||     4
       Wand              |       |       |       |       |     3 ||     3
       Lamp of fire      |       |       |       |       |     1 ||     1
  Use: Potion            |     4 |       |     2 |     1 |     6 ||    13
       Scroll            |     1 |     4 |    12 |     8 |    13 ||    38
 Stab: Sleeping          |     1 |       |       |       |       ||     1
       Held in net/web   |       |       |       |       |     2 ||     2
       Distracted        |       |       |       |       |     1 ||     1
  Eat: Chunk             |     2 |     7 |    10 |    23 |    29 ||    71
       Ration            |       |       |     2 |     3 |     5 ||    10
Armor: Robe              |    66 |    51 |     8 |       |       ||   125
       Skin              |    15 |       |       |       |       ||    15
       Pearl dragon scal |       |       |   157 |   295 |   531 ||   983
Dodge: Dodged            |    99 |    95 |    84 |   134 |   319 ||   731
Block: Other             |     9 |    11 |       |       |       ||    20
       Shield            |       |    52 |   202 |   450 |  1096 ||  1800
       Reflection        |       |       |     7 |    11 |    36 ||    54

Table legend:
 A = Non-vault XP
 B = Vault XP
 C = Vault XP percentage of total XP
 D = Non-vault monster count
 E = Vault monster count
 F = Vault count percentage of total count
                 A         B        C        D         E       F
            +---------+---------+-------+---------+---------+-------
      Total |   82936 |   40303 |  32.7 |     574 |     168 |  22.6
            +---------+---------+-------+---------+---------+-------
        D:1 |      40 |       0 |   0.0 |      23 |       0 |   0.0
        D:2 |      37 |      48 |  56.5 |      15 |       7 |  31.8
        D:3 |     199 |      18 |   8.3 |      27 |       3 |  10.0
        D:4 |     488 |     221 |  31.2 |      16 |       2 |  11.1
        D:5 |     317 |       0 |   0.0 |      18 |       0 |   0.0
        D:6 |     685 |       9 |   1.3 |      15 |       2 |  11.8
        D:7 |    1810 |     605 |  25.1 |      34 |       3 |   8.1
        D:8 |    1083 |     970 |  47.2 |      23 |       1 |   4.2
        D:9 |    2328 |    1564 |  40.2 |      30 |      10 |  25.0
       D:10 |    3462 |       0 |   0.0 |      51 |       0 |   0.0
       D:11 |    7223 |    1603 |  18.2 |      43 |       2 |   4.4
       D:12 |    5328 |       0 |   0.0 |      29 |       0 |   0.0
       D:13 |    6275 |    4605 |  42.3 |      24 |       6 |  20.0
       D:14 |    4673 |       0 |   0.0 |      22 |       0 |   0.0
       D:15 |    9123 |    7474 |  45.0 |      29 |      14 |  32.6
     Lair:1 |    4294 |     821 |  16.1 |      15 |       4 |  21.1
     Lair:2 |    6455 |       0 |   0.0 |      30 |       0 |   0.0
     Lair:3 |    2334 |       0 |   0.0 |       8 |       0 |   0.0
     Lair:4 |    4726 |     815 |  14.7 |      16 |       2 |  11.1
     Lair:5 |    3448 |     944 |  21.5 |      13 |       7 |  35.0
     Lair:6 |    7958 |    9874 |  55.4 |      29 |      24 |  45.3
    Snake:1 |    1462 |       0 |   0.0 |       3 |       0 |   0.0
    Snake:2 |    4148 |     529 |  11.3 |       8 |       1 |  11.1
      Orc:1 |    3709 |    2171 |  36.9 |      29 |       6 |  17.1
      Orc:2 |    1331 |    8032 |  85.8 |      24 |      74 |  75.5
            +---------+---------+-------+---------+---------+-------
